 Dungeon Crawl Stone Soup version 0.31-a0-750-gfe7b580527 (webtiles) character file.

Game seed: 8400784433804009552

1639 Dittersdorf the Covered (level 8, 0/52 HPs)
             Began as a Gargoyle Fighter on Sept 14, 2023.
             Was a Believer of Okawaru.
             Slain by a gnoll
             ... wielding a +0 spear
             ... led by a gnoll bouda
              (1 damage)
             ... on level 6 of the Dungeon.
             The game lasted 00:09:05 (5442 turns).

Dittersdorf the Covered (Gargoyle Fighter)          Turns: 5442, Time: 00:09:06

Health: 0/52       AC: 21    Str: 22    XL:     8   Next: 99%
Magic:  32/32      EV:  8    Int:  9    God:    Okawaru [**....]
Gold:   402        SH:  5    Dex:  9    Spells: 5/7 levels left

rFire   . . .        a - +0 flail
rCold   . . .        c - +0 buckler
rNeg    + . .        y - +3 chain mail {Will+}
rPois   ∞            j - +0 helmet
rElec   +            (no cloak)
rCorr   .            (no gloves)
SInv    +            r - +0 pair of boots
Will    +....        o
                       - Hermit's Pendant {Faith Invo=14 Evo=0 MP+5} Stlth
                     n - ring of see invisible
HPRegen 0.28/turn    b - ring of magical power
MPRegen 0.23/turn

%: faith
@: no status effects
A: sickness immunity, AC +5, negative energy resistance 1, electricity
resistance, torment resistance 1, petrification resistance
a: Renounce Religion, Heroism


You were on level 6 of the Dungeon.
You worshipped Okawaru.
Okawaru was pleased with you.
You visited 2 branches of the dungeon, and saw 7 of its levels.
You also visited: Ossuary.

You collected 522 gold pieces.
You spent 120 gold pieces at shops.

Inventory:

Hand Weapons
 a - a +0 flail (weapon)
Missiles
 e - 9 poisoned darts (quivered)
 l - a throwing net
Armour
 c - a +0 buckler (worn)
 j - a +0 helmet (worn)
 r - a +0 pair of boots (worn)
 y - a +3 chain mail of willpower (worn)
Jewellery
 b - a ring of magical power (right hand)
 n - a ring of see invisible (left hand)
 o - the Hermit's Pendant (around neck) {Faith Invo=14 Evo=0 MP+5}
   (You found it on level 6 of the Dungeon)

   [amulet of faith]

   Invo=14: It sets your Invocations skill to 14.
   Evo=0: It sets your Evocations skill to 0.
   Faith:     It allows you to gain divine favour quickly.
   MP+5:      It affects your magic capacity (+5).
Wands
 s - a wand of digging (1)
Scrolls
 u - 4 scrolls of fear
 v - a scroll of fog
Potions
 d - a potion of might
 f - a potion of curing
 g - 3 potions of brilliance
 h - a potion of enlightenment
 i - a potion of ambrosia
 k - a potion of mutation
 m - a potion of resistance
 p - a potion of invisibility
 q - 2 potions of attraction {unknown}
 t - a potion of heal wounds {unknown}


   Skills:
 + Level 6.8 Fighting
 + Level 5.8 Maces & Flails
 + Level 6.9 Armour
 + Level 6.9 Shields


You had 5 spell levels left.
You knew the following spells:

 Your Spells              Type           Power      Damage    Failure   Level
a - Passwall              Tmut/Erth      0%         N/A       99%         2

Your spell library contained the following spells:

 Spells                   Type           Power      Damage    Failure   Level
 Foxfire                  Conj/Fire      0%         2x1d4     95%         1
 Sandblast                Erth           0%         2d4       95%         1
 Poisonous Vapours        Pois/Air       0%         N/A       99%         2
 Mephitic Cloud           Conj/Pois/Air  0%         N/A       100%        3
 Stone Arrow              Conj/Erth      0%         3d7       100%        3
 Leda's Liquefaction      Hex/Erth       0%         N/A       100%        4
 Freezing Cloud           Conj/Ice/Air   0%         6-21      100%        5
 Lee's Rapid Deconstruct  Erth           0%         3d4*      100%        5
 Leda's Unmaking          Conj/Erth      0%         9d1       100%        6
 Plasma Beam              Fire/Air       0%         2x1d10    100%        6
 Starburst                Conj/Fire      0%         6d3       100%        6
 Lehudib's Crystal Spear  Conj/Erth      0%         10d2      100%        8
 Animate Armour           Summ/Erth      Unusable   N/A       N/A         4

Dungeon Overview and Level Annotations

Branches:
Dungeon (6/15)             Temple (1/1) D:6         Ossuary (visited)

Altars:
Ashenzari
Cheibriados
Elyvilon
Gozag
Kikubaaqudgha
Makhleb
Nemelex Xobeh
Okawaru
Qazlal
Ru
Sif Muna
Trog
Vehumet
Wu Jian
Yredelemnul
Zin
The Shining One

Shops:
D:2 [   D:4 (


Innate Abilities, Weirdness & Mutations

You are immune to sickness and miasma.
Your stone body is resilient. (AC +5)
You are immune to poison.
You resist negative energy. (rN+)
You are resistant to electric shocks. (rElec)
You are resistant to unholy torment.
You are immune to petrification.


Message History

You are too injured to fight recklessly!
You are too injured to fight recklessly!
You are too injured to fight recklessly!
You are too injured to fight recklessly!
You are too injured to fight recklessly!
You are too injured to fight recklessly!
You are too injured to fight recklessly!
You are too injured to fight recklessly!
You are too injured to fight recklessly!
You are too injured to fight recklessly!
You are too injured to fight recklessly!
You are too injured to fight recklessly!
You are too injured to fight recklessly!
You are too injured to fight recklessly!
You are too injured to fight recklessly!
You are too injured to fight recklessly!
You are too injured to fight recklessly!
You are too injured to fight recklessly!
You are too injured to fight recklessly!
You are too injured to fight recklessly!
You barely miss the gnoll. You block the gnoll's attack. x2
The gnoll hits you but does no damage. The gnoll hits you with a +0 whip.
The gnoll hits you with a +0 flail. The gnoll hits you but does no damage.
You closely miss the gnoll.
The gnoll is no longer moving quickly.
The gnoll hits you but does no damage. x2; You block the gnoll's attack.
The gnoll hits you with a +0 club. The gnoll hits you but does no damage.
The gnoll attacks as it pursues you! The gnoll hits you with a +0 flail!
* * * LOW HITPOINT WARNING * * *
The gnoll attacks as it pursues you! You block the gnoll's attack. x2
The gnoll is no longer moving quickly.
You hit the gnoll.
The gnoll is moderately wounded.
The gnoll misses you.
You completely miss the gnoll.
The gnoll is moderately wounded.
The gnoll hits you but does no damage. The gnoll hits you with a +0 flail!
* * * LOW HITPOINT WARNING * * *
The gnoll hits you from afar with a +0 spear.
You die...

.. .... ...####. .... ...
...##...... #.#. ....
......... .... ##...
..#...# ##.#. ......#)#...#
.# #....
.......g#g..##...#. #.#..#.
.......g.gg......'.........
......####g###...##.#.#....
.........#@#........#.#....
.........................#.
>......#.#............##.#.
....................#......
.......#.#######.........[.
.....##.##..........##....
#.......##.....####.##....
...............####.##....
.....####............##+#.


You could see 4 gnolls.

Vanquished Creatures
  Sigmund (D:2)
  A water moccasin (D:6)
  A sky beast (D:6)
  An ogre (D:4)
  A bullfrog (D:5)
  6 scorpions
  4 hounds
  An orc priest (D:4)
  2 gnoll boudas (D:6)
  An iguana (D:4)
  Terence (D:2)
  An orc wizard (D:4)
  8 mummies (Ossuary)
  9 gnolls
  9 adders
  3 white imps
  An ufetubus (D:4)
  4 worms
  5 dart slugs
  10 orcs
  5 endoplasms
  4 giant cockroaches
  11 goblins
  11 hobgoblins
  3 jackals (D:4)
  3 quokkas
  5 ball pythons
  4 bats
  A frilled lizard (D:2)
  3 gnoll zombies (Ossuary)
  4 kobolds
  2 kobold zombies (Ossuary)
  3 orc zombies (Ossuary)
  6 rats
135 creatures vanquished.

Vanquished Creatures (collateral kills)
  A gnoll sergeant (D:6)
  3 gnolls (D:6)
4 creatures vanquished.

Grand Total: 139 creatures vanquished

Notes
Turn   | Place    | Note
-------+----------+-------------------------------------------
     0 | D:1      | Dittersdorf the Gargoyle Fighter began the quest for the
                  | Orb.
     0 | D:1      | Reached XP level 1. HP: 14/14 MP: 1/1
   299 | D:1      | Reached XP level 2. HP: 19/19 MP: 2/2
   697 | D:2      | Reached XP level 3. HP: 23/23 MP: 3/3
  1282 | D:2      | Reached XP level 4. HP: 29/29 MP: 4/4
  1404 | D:2      | Noticed Terence
  1419 | D:2      | Killed Terence
  1489 | D:2      | Noticed Sigmund
  1508 | D:2      | Killed Sigmund
  1509 | D:2      | Reached XP level 5. HP: 18/34 MP: 5/5
  1509 | D:2      | Reached XP level 6. HP: 20/39 MP: 6/6
  1936 | D:2      | Found Egaim's Antique Armour Emporium.
  1988 | D:2      | Bought a shiny chain mail for 120 gold pieces
  2113 | D:3      | You fall into a shaft and drop 3 floors!
  2156 | D:6      | Found an ornate altar of the Wu Jian Council.
  2201 | D:6      | Noticed a water moccasin
  2213 | D:6      | Killed a water moccasin
  2214 | D:6      | Reached skill level 5 in Armour
  2268 | D:6      | Reached skill level 5 in Fighting
  2268 | D:6      | Reached skill level 5 in Shields
  2272 | D:6      | Found a sand-covered staircase.
  2281 | Ossuary  | Entered an ossuary
  2334 | Ossuary  | Reached XP level 7. HP: 36/44 MP: 7/7
  2711 | D:6      | Found a staircase to the Ecumenical Temple.
  2717 | Temple   | Entered the Ecumenical Temple
  2723 | Temple   | Became a worshipper of Warmaster Okawaru
  2786 | D:6      | Found the Hermit's Pendant {Faith Invo=14 Evo=0 MP+5}
  3000 | D:6      | Learned a level 2 spell: Passwall
  3034 | D:6      | Reached XP level 8. HP: 51/51 MP: 18/18
  3050 | D:5      | Entered Level 5 of the Dungeon
  3088 | D:6      | Reached * piety under Okawaru
  3234 | D:5      | Reached skill level 5 in Maces & Flails
  4130 | D:3      | Found a faded altar of an unknown god.
  4379 | D:4      | Found Hammaq's Weapon Boutique.
  4819 | D:5      | Reached ** piety under Okawaru
  5442 | D:6      | HP: 1/52 [gnoll/+0 flail[a gnoll bouda] (10)]
  5442 | D:6      | Slain by a gnoll

Illustrated notes

Levels and vault maps discovered:
D:1:      ebering_hopf_link, layout_basic
D:2:      minmay_chambers_of_twos, layout_basic, serial_shops,
          nicolae_shop_window_shopping, uniq_terence, uniq_sigmund
D:3:      layout_basic, shapermc_ecumenical_altar_petra
D:4:      layout_cave_pools, serial_shops, nicolae_shop_tiny_statue_garden
D:5:      layout_rooms
D:6:      layout_basic, mainiacjoe_overflow_small_starburst, temple_fountains,
          nicolae_ossuary_entry_monument
Temple:   eino_temple_rhombus

Skill      XL: |  1  2  3  4  5  6  7  8 |
---------------+-------------------------+-----
Fighting       | 4 5 6 |  6.8
Armour         | 4 5 6 |  6.9
Shields        | 4 5 6 |  6.9
Maces & Flails | 3 4 5 |  5.8

Action                     |  1- 3 |  4- 6 |  7- 9 || total
---------------------------+-------+-------+-------++-------
  Melee: Flail             |   113 |   124 |   380 ||   617
  Throw: Dart              |       |       |     5 ||     5
    Use: Scroll            |       |    12 |     6 ||    18
 Armour: Scale mail        |    81 |    21 |       ||   102
         Chain mail        |       |    67 |   421 ||   488
  Dodge: Dodged            |    53 |    53 |   213 ||   319
  Block: Buckler           |    29 |    27 |   143 ||   199

Table legend: (Time is in decaauts)
 A = Elapsed time spent in this place.
 B = Non-inter-level travel time spent in this place.
 C = Inter-level travel time spent in this place.
 D = Time resting spent in this place.
 E = Time spent auto-exploring this place.
 F = Levels seen in this place.
 G = Mean time per level.
                   A        B        C        D        E       F      G
               +--------+--------+--------+--------+--------+-----+--------+
         Total |   5577 |   5371 |    206 |    501 |   3343 |   8 |  697.1 |
       Dungeon |   5206 |   5010 |    196 |    433 |   3217 |   6 |  867.7 |
        Temple |     12 |      2 |     10 |      0 |      0 |   1 |   12.0 |
       Ossuary |    358 |    358 |      0 |     68 |    126 |   1 |  358.0 |
               +--------+--------+--------+--------+--------+-----+--------+

Top non-repeatable levels by time:
     D:2: 1281 daAuts
     D:6: 989 daAuts
     D:3: 929 daAuts
     D:5: 739 daAuts
     D:1: 640 daAuts
     D:4: 626 daAuts
 Ossuary: 358 daAuts
  Temple: 12 daAuts
